 Dungeon Crawl Stone Soup version 0.25-a0-458-g6fc7858b95 (webtiles) character file.

Game seed: 6815856365144559015, levelgen mode: deterministic

13495 mopl the Carver (level 11, 0/86 HPs)
             Began as a Demonspawn Skald on Feb 3, 2020.
             Was a Priest of Makhleb.
             Hit by a javelin thrown by a minotaur (20 damage)
             ... in a Gauntlet.
             The game lasted 00:29:10 (11285 turns).

mopl the Carver (Demonspawn Skald)                 Turns: 11285, Time: 00:29:10

Health: 0/86       AC: 13    Str: 14    XL:     11   Next: 76%
Magic:  17/17      EV: 12    Int: 18    God:    Makhleb [***...]
Gold:   756        SH:  0    Dex: 13    Spells: 7/18 levels left

rFire    + + .     SeeInvis +   a - +9 long sword "Hataby" {vorpal, rN+ SInv}
rCold    . . .     Gourm    .   (no shield)
rNeg     + + .     Faith    .   d - +1 troll leather armour {Snorg}
rPois    .         Spirit   .   (no helmet)
rElec    .         Reflect  .   (no cloak)
rCorr    .         Harm     .   P - +0 pair of gloves
MR       .....     NoTele   +   E - +2 pair of boots {run}
Stlth    +.........             S - amulet of Dogma {Regen+ Slay+2}
HPRegen  1.04/turn              C - +3 ring of intelligence
MPRegen  0.15/turn              n - ring of positive energy

@: very slightly contaminated, invisible, quick
A: hooves 1, molten scales 3, fire resistance 1, powered by death 1
a: Minor Destruction, Lesser Servant of Makhleb, Renounce Religion


You were in a Gauntlet.
You worshipped Makhleb.
Makhleb was most pleased with you.
You were not hungry.

You visited 2 branches of the dungeon, and saw 13 of its levels.
You also visited: Gauntlet.

You collected 756 gold pieces.

Inventory:

Hand Weapons
 a - the +9 long sword "Hataby" (weapon) {vorpal, rN+ SInv}
   (You found it on level 5 of the Dungeon)

   It inflicts extra damage upon your enemies.
   It protects you from negative energy.
   It lets you see invisible.
 b - a +0 dagger of venom
Missiles
 g - 45 boomerangs
 t - 25 poisoned darts (quivered)
Armour
 d - a +1 troll leather armour (worn) {Snorg}
 p - a +1 chain mail of cold resistance
 x - a +3 scale mail
 E - a +2 pair of boots of running (worn)
 J - a +0 chain mail of fire resistance
 K - a +0 shield
 P - a +0 pair of gloves (worn)
 R - a +0 pair of boots of stealth
Jewellery
 n - a ring of positive energy (right hand)
 C - a +3 ring of intelligence (left hand)
 S - the amulet of Dogma (around neck) {Regen+ Slay+2}
   (You found it in a Gauntlet)

   [amulet of regeneration]

   It affects your accuracy and damage with ranged weapons and melee attacks
   (+2).
   It increases your rate of regeneration.
Wands
 u - a wand of polymorph (10)
 w - a wand of acid (8)
Scrolls
 i - 2 scrolls of fear {unknown}
 l - 2 scrolls of vulnerability {unknown}
 q - 6 scrolls of teleportation
 r - 3 scrolls of remove curse {unknown}
 s - 3 scrolls of enchant armour {unknown}
 v - 3 scrolls of immolation {unknown}
 y - 2 scrolls of amnesia {unknown}
 G - a scroll of fog
 H - 4 scrolls of magic mapping
 I - 2 scrolls of enchant weapon {unknown}
 L - 3 scrolls of blinking {unknown}
 Q - 2 scrolls of acquirement {unknown}
Potions
 e - a potion of magic
 f - a potion of might
 h - 4 potions of mutation {!q}
 j - 2 potions of ambrosia
 m - 2 potions of resistance
 o - 2 potions of lignification {!q}
 z - 6 potions of curing
 A - 3 potions of brilliance
 B - 5 potions of flight
 D - 2 potions of cancellation
 O - a potion of haste
Miscellaneous
 k - a lightning rod (4/4)
 F - a box of beasts
Comestibles
 c - 21 rations


   Skills:
 + Level 8.1 Fighting
 * Level 11.0 Long Blades
 + Level 4.3 Throwing
 - Level 0.8 Armour
 - Level 1.7 Dodging
 - Level 4.0 Spellcasting
 - Level 3.0 Hexes
 + Level 8.1 Charms
 - Level 2.0 Translocations
 + Level 8.0 Invocations
 + Level 0.6 Evocations


You had 7 spell levels left.
You knew the following spells:

 Your Spells              Type           Power        Failure   Level  Hunger
a - Apportation           Tloc           ##....       8%          1    None
b - Song of Slaying       Chrm           ####....     1%          2    ##.....
c - Spectral Weapon       Hex/Chrm       ###.....     5%          3    ###....
d - Infusion              Chrm           ####         1%          1    None
f - Shroud of Golubria    Chrm/Tloc      ###...       3%          2    ##.....
n - Swiftness             Chrm/Air       ###.....     4%          2    ##.....

Your spell library contained the following spells:

 Spells                   Type           Power        Failure   Level  Hunger
 Corona                   Hex            ##.....      5%          1    None
 Ozocubu's Armour         Chrm/Ice       ###.....     10%         3    ###....
 Animate Skeleton         Necr           N/A          19%         1    None
 Shock                    Conj/Air       #...         19%         1    None
 Summon Small Mammal      Summ           #...         19%         1    None
 Portal Projectile        Hex/Tloc       ##....       19%         3    ###....
 Gell's Gravitas          Tloc           ##........   24%         3    ###....
 Static Discharge         Conj/Air       #.......     47%         3    ###....
 Airstrike                Air            #.........   87%         4    ####...
 Lightning Bolt           Conj/Air       #.........   99%         5    ######.
 Dispersal                Tloc           ##........   100%        6    #######
 Controlled Blink         Tloc           N/A          100%        8    #######
 Disjunction              Tloc           ##........   100%        8    #######


Dungeon Overview and Level Annotations

Branches:
Dungeon (12/15)            Temple (1/1) D:7            Lair (0/6) D:9
    Orc (0/2) D:11        Gauntlet (1/1)

Altars:
Ashenzari
Cheibriados
Dithmenos
Elyvilon
Fedhas
Gozag
Hepliaklqana
Kikubaaqudgha
Makhleb
Nemelex Xobeh
Okawaru
Qazlal
Ru
Sif Muna
Trog
Uskayaw
Vehumet
Wu Jian
Xom
Yredelemnul
Zin
The Shining One
Beogh

Shops:
D:11 (

Annotations:
D:7 bb
D:10 3 runed translucent doors, Hasart's ghost, journeyman GrFi Gauntlet 10 transporters, 21 runed translucent doors, exclusion: lightning spire


Innate Abilities, Weirdness & Mutations

You have large cloven feet.
You are completely covered in molten scales. (AC +4, rF+)
Your flesh is heat resistant. (rF+)
You regenerate a little health from kills.


Message History

g - Guard the area. f - Follow me.
Anything else - Cancel.
Gang up on whom?
Press: ? - help, Dir - move target cursor, f - minotaur
Aim: a minotaur, wielding a +3 spear of freezing, wearing the +4 chain mail of the Carpenter {rElec Dex+3} and quivering 7 javelins Attack!
Your neqoxec hits the minotaur but does no damage.
The minotaur hits your ynoxinul with a +3 spear of freezing.
Your ynoxinul dies!
Your ufetubus disappears in a puff of smoke!
Unknown command.
You swap places.
Unknown command.
Your neqoxec gestures.
The minotaur throws a javelin.
The javelin pierces through your neqoxec!
The javelin closely misses your white imp.
The javelin pierces through your smoke demon!!
The javelin pierces through you!!
You die...

######..#.8.##.. '
.......≈#...##.#.##.
.......∩#.8....#.'.
.......≈#...##.#.#
######..#.8.##...#
©.!..#..#...##.#.#
.##.h####.8.H3.#.#
#..#Y#©....(##5#.#
#..#K####.8.##§3@#
###.Y#..#.§.######
#..#.#..#§8≈#
#..#.#..#####
.##..#..# .....#..#
######..###
©#......#8#
##.....≈###


You could see a minotaur, a friendly smoke demon, a friendly neqoxec and a
friendly white imp.

Vanquished Creatures
  Snorg (D:10)
  2 two-headed ogres
  An unseen horror (D:12)
  Psyche (D:9)
  A komodo dragon (D:10)
  3 meliai (Gauntlet)
  2 hippogriffs
  A hornet (D:9)
  Sigmund (D:3)
  17 yaks
  2 wyverns
  A hungry ghost (D:7)
  A human (D:7)
  3 hogs (D:7)
  Edmund (D:4)
  A water moccasin (D:11)
  Duvessa (D:4)
  2 sky beasts
  4 ice beasts
  2 eyes of draining
  2 necrophages
  6 orc warriors
  A phantom (D:9)
  7 ogres
  2 centaurs
  6 bullfrogs
  Blork the orc (D:4)
  3 scorpions
  Dowan (D:3)
  A water moccasin skeleton (D:5)
  9 killer bees
  A howler monkey (D:5)
  An electric eel (D:8)
  7 crimson imps
  2 quasits (D:11)
  A bullfrog zombie (D:7)
  A centaur zombie (D:7)
  4 jellies
  4 hounds
  8 orc wizards
  10 orc priests
  2 iguanas
  5 worker ants
  3 hound zombies
  A howler monkey zombie (D:10)
  2 worker ant zombies
  4 gnolls
  8 adders
  3 shadow imps
  2 white imps (Gauntlet)
  An ooze (D:3)
  2 worms
  12 dart slugs
  8 leopard geckos
  64 orcs
  6 giant cockroaches
  6 goblins
  10 hobgoblins
  15 jackals
  5 quokkas
  4 ball pythons
  7 bats
  5 frilled lizards
  A giant cockroach zombie (D:5)
  A jackal skeleton (D:6)
  A jackal zombie (D:8)
  11 kobolds
  10 rats
325 creatures vanquished.

Vanquished Creatures (collateral kills)
  An ice devil (Gauntlet)
1 creature vanquished.

Vanquished Creatures (others)
  A demonic plant (Gauntlet)
  2 spectral weapons
3 creatures vanquished.

Grand Total: 329 creatures vanquished

Notes
Turn   | Place    | Note
-------+----------+-------------------------------------------
     0 | D:1      | mopl the Demonspawn Skald began the quest for the Orb.
     0 | D:1      | Reached XP level 1. HP: 16/16 MP: 3/3
    32 | D:1      | Reached skill level 2 in Long Blades
    61 | D:1      | Gained mutation: You are partially covered in molten
                  | scales. (AC +2) [demonic ancestry]
    61 | D:1      | Reached XP level 2. HP: 22/22 MP: 3/5
    80 | D:1      | Learned a level 2 spell: Song of Slaying
    83 | D:1      | Learned a level 2 spell: Shroud of Golubria
   828 | D:1      | Reached skill level 3 in Charms
   828 | D:1      | Gained mutation: You are mostly covered in molten scales.
                  | (AC +3) [demonic ancestry]
   828 | D:1      | Reached XP level 3. HP: 27/27 MP: 6/6
  1705 | D:2      | Gained mutation: You regenerate a little health from kills.
                  | [demonic ancestry]
  1705 | D:2      | Reached XP level 4. HP: 30/33 MP: 7/7
  1721 | D:2      | Reached skill level 1 in Translocations
  1985 | D:3      | Reached skill level 3 in Long Blades
  2269 | D:3      | Noticed Sigmund
  2291 | D:3      | Killed Sigmund
  2291 | D:3      | Reached skill level 3 in Spellcasting
  2291 | D:3      | Reached skill level 2 in Translocations
  2291 | D:3      | Reached XP level 5. HP: 24/38 MP: 0/9
  2291 | D:3      | Gained mutation: You have large cloven feet. [demonic
                  | ancestry]
  2291 | D:3      | Reached XP level 6. HP: 28/44 MP: 0/10
  2296 | D:3      | Reached skill level 4 in Long Blades
  3050 | D:4      | Noticed Edmund
  3441 | D:4      | Found a shattered altar of Ashenzari.
  3454 | D:4      | Reached skill level 4 in Charms
  3549 | D:4      | Noticed Dowan
  3549 | D:4      | Noticed Duvessa
  3694 | D:4      | Killed Duvessa
  3694 | D:4      | Reached XP level 7. HP: 31/51 MP: 3/11
  3703 | D:3      | Killed Dowan
  3703 | D:3      | Reached skill level 3 in Fighting
  3703 | D:3      | Reached skill level 5 in Long Blades
  3885 | D:4      | Learned a level 3 spell: Spectral Weapon
  4204 | D:4      | Noticed Blork the orc
  4230 | D:4      | Killed Edmund
  4491 | D:4      | Killed Blork the orc
  4491 | D:4      | Reached skill level 1 in Hexes
  4675 | D:5      | Entered Level 5 of the Dungeon
  4719 | D:5      | Gained mutation: You are completely covered in molten
                  | scales. (AC +4, rF+) [demonic ancestry]
  4719 | D:5      | Reached XP level 8. HP: 26/60 MP: 7/12
  4721 | D:5      | Reached skill level 6 in Long Blades
  4796 | D:5      | Reached skill level 4 in Fighting
  4870 | D:5      | Reached skill level 2 in Hexes
  4870 | D:5      | Reached skill level 5 in Charms
  4883 | D:5      | Got a smoking long sword
  4884 | D:5      | Identified the +9 long sword "Hataby" {vorpal, rN+ SInv}
                  | (You found it on level 5 of the Dungeon)
  5133 | D:5      | Found a blossoming altar of Fedhas.
  5270 | D:6      | Learned a level 2 spell: Swiftness
  5392 | D:6      | Reached skill level 3 in Hexes
  5395 | D:6      | Reached skill level 7 in Long Blades
  5452 | D:6      | Learned a level 1 spell: Apportation
  5590 | D:6      | Reached skill level 5 in Fighting
  5590 | D:6      | Reached XP level 9. HP: 68/68 MP: 13/13
  5702 | D:7      | Found a staircase to the Ecumenical Temple.
  5728 | Temple   | Entered the Ecumenical Temple
  5742 | Temple   | Became a worshipper of Makhleb the Destroyer
  5872 | D:7      | Reached skill level 1 in Invocations
  6076 | D:7      | Noticed a cyclops
  6090 | D:7      | Reached skill level 6 in Charms
  6126 | D:7      | Reached skill level 8 in Long Blades
  6126 | D:7      | Reached skill level 2 in Invocations
  6654 | D:7      | Reached * piety under Makhleb
  6654 | D:7      | Reached skill level 3 in Invocations
  6680 | D:7      | Found a white marble altar of Elyvilon.
  6879 | D:7      | Reached skill level 6 in Fighting
  6885 | D:7      | Reached skill level 4 in Invocations
  7033 | D:7      | Identified the cursed +1 arbalest of Gravity {freeze, rC+}
  7033 | D:7      | Noticed a death knight
  7322 | D:8      | Reached XP level 10. HP: 74/76 MP: 14/14
  7418 | D:8      | Reached skill level 9 in Long Blades
  8069 | D:9      | Noticed Psyche
  8077 | D:9      | Killed Psyche
  8077 | D:9      | Reached skill level 1 in Throwing
  8078 | D:9      | Reached skill level 5 in Invocations
  8143 | D:9      | Reached skill level 7 in Charms
  8156 | D:9      | Reached ** piety under Makhleb
  8175 | D:9      | Found a shimmering blue altar of Sif Muna.
  8262 | D:9      | Found a runed translucent door.
  8308 | D:9      | Noticed a two-headed ogre
  8316 | D:9      | Killed a two-headed ogre
  8316 | D:9      | Reached skill level 2 in Throwing
  8356 | D:9      | Reached skill level 7 in Fighting
  8611 | D:9      | Found a staircase to the Lair.
  8669 | D:9      | Found a shimmering altar of Xom.
  8669 | D:9      | Found a basalt altar of Yredelemnul.
  8670 | D:9      | Found a stormy altar of Qazlal.
  8825 | D:9      | Reached skill level 6 in Invocations
  8844 | D:9      | Reached skill level 10 in Long Blades
  8920 | D:9      | Reached skill level 3 in Throwing
  8935 | D:9      | Found a roughly hewn altar of Beogh.
  9013 | D:10     | Entered Level 10 of the Dungeon
  9017 | D:10     | Gained mutation: Your flesh is heat resistant. (rF+)
                  | [demonic ancestry]
  9017 | D:10     | Reached XP level 11. HP: 75/84 MP: 15/15
  9044 | D:10     | Noticed Snorg
  9065 | D:10     | Killed Snorg
  9221 | D:10     | Identified a +2 pair of boots of running (You found it on
                  | level 10 of the Dungeon)
  9403 | D:10     | Found a runed translucent gate.
  9404 | D:10     | Found a runed translucent gate.
  9409 | D:10     | Noticed Hasart's ghost (journeyman GrFi)
  9417 | D:10     | Found a runed translucent gate.
  9465 | D:10     | Reached skill level 7 in Invocations
  9468 | D:10     | Reached *** piety under Makhleb
  9949 | D:11     | Found Sumpos's Weapon Shop.
 10021 | D:11     | Reached skill level 4 in Spellcasting
 10159 | D:11     | Reached **** piety under Makhleb
 10196 | D:11     | Found a staircase to the Orcish Mines.
 10312 | D:11     | Noticed a two-headed ogre
 10321 | D:11     | Killed a two-headed ogre
 10321 | D:11     | Reached skill level 4 in Throwing
 10321 | D:11     | Reached skill level 8 in Charms
 10324 | D:11     | Reached skill level 8 in Fighting
 10637 | D:12     | Found a gate leading to a gauntlet.
 10637 | D:12     | Noticed an unseen horror
 10647 | D:12     | Killed an unseen horror
 10650 | Gauntlet | Entered a Gauntlet
 10650 | Gauntlet | Found a transporter.
 10650 | Gauntlet | Found a transporter.
 10654 | Gauntlet | Found a transporter.
 10655 | Gauntlet | Found a transporter.
 10662 | Gauntlet | Found a transporter.
 10705 | Gauntlet | Found a transporter.
 10718 | Gauntlet | Noticed a blizzard demon
 10719 | Gauntlet | Found a transporter.
 10732 | Gauntlet | Found a transporter.
 10749 | Gauntlet | Found a transporter.
 10754 | Gauntlet | Noticed a fire crab
 10754 | Gauntlet | a raiju changed into a fire crab
 10832 | Gauntlet | Found a transporter.
 10838 | Gauntlet | Found a large runed translucent door.
 10839 | Gauntlet | Found a large runed translucent door.
 10841 | Gauntlet | Found a runed translucent gate.
 10842 | Gauntlet | Found a transporter.
 10842 | Gauntlet | Found a runed translucent gate.
 10843 | Gauntlet | Found a runed translucent gate.
 10845 | Gauntlet | Found a large runed translucent door.
 10846 | Gauntlet | Found a large runed translucent door.
 10847 | Gauntlet | Found a large runed translucent door.
 10847 | Gauntlet | Found a large runed translucent door.
 10853 | Gauntlet | Found a large runed translucent door.
 10853 | Gauntlet | Found a large runed translucent door.
 10854 | Gauntlet | Noticed a wolf spider
 10854 | Gauntlet | a snapping turtle changed into a wolf spider
 10855 | Gauntlet | a wolf spider changed into a tyrant leech
 10858 | Gauntlet | Found a transporter.
 10861 | Gauntlet | Found a large runed translucent door.
 10861 | Gauntlet | Found a large runed translucent door.
 10861 | Gauntlet | Found a runed translucent door.
 10861 | Gauntlet | Found a runed translucent door.
 10862 | Gauntlet | Found a large runed translucent door.
 10864 | Gauntlet | Noticed a great orb of eyes
 10864 | Gauntlet | a tyrant leech changed into a great orb of eyes
 10878 | Gauntlet | Noticed a catoblepas
 10879 | Gauntlet | Found a transporter.
 10922 | Gauntlet | Found a transporter.
 10935 | Gauntlet | Noticed a wretched star
 10936 | Gauntlet | Found a transporter.
 10949 | Gauntlet | Found a transporter.
 10951 | Gauntlet | Found a large runed translucent door.
 10951 | Gauntlet | Found a large runed translucent door.
 10952 | Gauntlet | Found a large runed translucent door.
 10953 | Gauntlet | Found a large runed translucent door.
 10954 | Gauntlet | Found a large runed translucent door.
 11130 | Gauntlet | Reached skill level 11 in Long Blades
 11133 | Gauntlet | Reached skill level 8 in Invocations
 11149 | Gauntlet | Noticed an alligator snapping turtle
 11150 | Gauntlet | Noticed an iron troll
 11150 | Gauntlet | an alligator snapping turtle changed into an iron troll
 11151 | Gauntlet | Noticed a fire giant
 11151 | Gauntlet | an iron troll changed into a fire giant
 11152 | Gauntlet | Noticed a shadow dragon
 11152 | Gauntlet | a fire giant changed into a shadow dragon
 11154 | Gauntlet | Noticed a fire giant
 11154 | Gauntlet | a shadow dragon changed into a fire giant
 11155 | Gauntlet | Noticed a fire crab
 11156 | Gauntlet | Noticed a frost giant
 11156 | Gauntlet | a fire giant changed into a frost giant
 11157 | Gauntlet | Got a scintillating crystal amulet
 11157 | Gauntlet | Noticed an alligator snapping turtle
 11157 | Gauntlet | a frost giant changed into an alligator snapping turtle
 11159 | Gauntlet | Identified the amulet of Dogma {Regen+ Slay+2} (You found
                  | it in a Gauntlet)
 11203 | Gauntlet | Noticed a catoblepas
 11208 | Gauntlet | Noticed an entropy weaver
 11208 | Gauntlet | a catoblepas changed into an entropy weaver
 11210 | Gauntlet | Noticed an ice dragon
 11210 | Gauntlet | an entropy weaver changed into an ice dragon
 11214 | Gauntlet | Noticed a spark wasp
 11214 | Gauntlet | an ice dragon changed into a spark wasp
 11216 | Gauntlet | a spark wasp changed into a tyrant leech
 11217 | Gauntlet | Noticed an entropy weaver
 11217 | Gauntlet | a tyrant leech changed into an entropy weaver
 11220 | Gauntlet | Noticed an anaconda
 11220 | Gauntlet | an entropy weaver changed into an anaconda
 11239 | Gauntlet | Noticed a lindwurm
 11244 | Gauntlet | a lindwurm changed into a komodo dragon
 11252 | Gauntlet | Noticed a death drake
 11252 | Gauntlet | a snapping turtle changed into a death drake
 11257 | Gauntlet | a death drake changed into a tarantella
 11262 | Gauntlet | Noticed a fire crab
 11262 | Gauntlet | a faun changed into a fire crab
 11265 | Gauntlet | a fire crab changed into a komodo dragon
 11266 | Gauntlet | Noticed a harpy
 11266 | Gauntlet | a komodo dragon changed into a harpy
 11267 | Gauntlet | a harpy changed into a polar bear
 11272 | Gauntlet | Identified the +4 chain mail of the Carpenter {rElec Dex+3}
 11272 | Gauntlet | Noticed a minotaur
 11285 | Gauntlet | Hit by a javelin thrown by a minotaur

Levels and vault maps discovered:
D:1:      minmay_arrival_four_loops, layout_basic
D:2:      layout_loops_ring, minmay_tree_intersection
D:3:      kennysheep_slugbush, layout_loops_ring, uniq_sigmund
D:4:      layout_rooms, first_ration, minmay_misc_feat_roman, ashenzari_altar_1,
          uniq_blork_the_orc, uniq_duvessa, uniq_edmund
D:5:      layout_basic, fedhas_altar_2, dk_noncrumbling_4
D:6:      layout_rooms
D:7:      minmay_blocky_corners, layout_basic, marbit_many_paths,
          minmay_temple_entry_glass, serial_corexii_hall,
          corexii_hall_statues_i, corexii_hall_statues_t,
          corexii_hall_statues_i, corexii_hall_statues_x, grunt_livestock,
          minmay_misc_feat_square
D:8:      layout_basic
D:9:      layout_big_octagon, lemuel_blue_sif_altar,
          gammafunk_temple_overflow_claw, lair_entry_dummy,
          lightli_church_of_beogh, uniq_psyche
D:10:     minmay_weird_star, layout_irregular_city, gammafunk_ghost_split,
          uniq_snorg
D:11:     layout_roguey, hiddenorc1_lemuel, serial_shops, shop_coins
D:12:     layout_grid_maze, gauntlet_entry_generic, wad_floor_pattern_untrapped
Temple:   lightli_temple_of_artemis
Gauntlet: gammafunk_gauntlet_branching [gammafunk_gauntlet_arena_teeth,
          gammafunk_gauntlet_arena_mazey, gammafunk_gauntlet_arena_open,
          nicolae_gauntlet_arena_blocks, nicolae_gauntlet_arena_t_cross,
          gammafunk_gauntlet_arena_split_diamond,
          minmay_gauntlet_arena_make_your_own_arena,
          nicolae_gauntlet_arena_quarters, gauntlet_exit_hidden_loot]

Skill      XL: |  1  2  3  4  5  6  7  8  9 10 11 |
---------------+----------------------------------+-----
Long Blades    | 2 3 4 5 7 8 10 11 | 11.0
Charms         | 3 4 5 6 7 8 |  8.1
Translocations | 2 |  2.0
Spellcasting   | 3 4 |  4.0
Fighting       | 3 5 6 7 8 |  8.1
Hexes          | 1 3 |  3.0
Invocations    | 4 6 8 |  8.0
Throwing       | 3 4 |  4.3
Armour         | |  0.8
Dodging        | |  1.7
Evocations     | |  0.6

Action                   |  1- 3 |  4- 6 |  7- 9 | 10-12 || total
-------------------------+-------+-------+-------+-------++-------
Melee: Falchion          |   136 |   148 |       |       ||   284
       Unarmed           |       |    20 |       |       ||    20
       Dagger            |       |   110 |   111 |       ||   221
       Long sword        |       |       |   166 |   334 ||   500
       Scimitar          |       |       |    33 |       ||    33
Throw: Dart              |       |     6 |     8 |    15 ||    29
       Boomerang         |       |     2 |       |       ||     2
 Cast: Infusion          |     5 |     2 |       |       ||     7
       Song of Slaying   |     1 |     3 |     7 |     8 ||    19
       Shroud of Golubri |       |     5 |     9 |     6 ||    20
       Spectral Weapon   |       |       |     2 |    12 ||    14
       Apportation       |       |       |       |     4 ||     4
Invok: Lesser Servant of |       |       |       |     6 ||     6
Evoke: Wand              |       |       |       |     1 ||     1
  Use: Scroll            |       |     7 |     5 |     6 ||    18
       Potion            |       |     1 |       |     7 ||     8
 Stab: Distracted        |       |       |       |     1 ||     1
  Eat: Chunk             |     3 |     7 |    10 |    25 ||    45
       Ration            |       |       |     1 |       ||     1
Armor: Leather armour    |    33 |       |       |       ||    33
       Ring mail         |    16 |   130 |   165 |    53 ||   364
       Scale mail        |       |       |       |     5 ||     5
       Troll leather arm |       |       |       |    97 ||    97
Dodge: Dodged            |    91 |   208 |   186 |   185 ||   670
       Rpst.: Falchion   |    32 |    44 |       |       ||    76
       Long sword        |       |       |    26 |    49 ||    75
       Scimitar          |       |       |     2 |       ||     2

Table legend:
 A = Non-vault XP
 B = Vault XP
 C = Vault XP percentage of total XP
 D = Non-vault monster count
 E = Vault monster count
 F = Vault count percentage of total count
                 A         B        C        D         E       F
            +---------+---------+-------+---------+---------+-------
      Total |   13848 |    5431 |  28.2 |     268 |      58 |  17.8
            +---------+---------+-------+---------+---------+-------
        D:1 |      41 |       0 |   0.0 |      23 |       0 |   0.0
        D:2 |      69 |       0 |   0.0 |      24 |       0 |   0.0
        D:3 |     250 |     327 |  56.7 |      47 |       9 |  16.1
        D:4 |     248 |     404 |  62.0 |      10 |       3 |  23.1
        D:5 |     705 |       0 |   0.0 |      27 |       0 |   0.0
        D:6 |     842 |       0 |   0.0 |      15 |       0 |   0.0
        D:7 |    1290 |    1344 |  51.0 |      30 |       9 |  23.1
        D:8 |     941 |       0 |   0.0 |      17 |       0 |   0.0
        D:9 |    3455 |    1006 |  22.6 |      26 |      13 |  33.3
       D:10 |    2647 |    1208 |  31.3 |      23 |       1 |   4.2
       D:11 |    2663 |     216 |   7.5 |      25 |      17 |  40.5
       D:12 |     697 |       0 |   0.0 |       1 |       0 |   0.0
   Gauntlet |       0 |     926 | 100.0 |       0 |       6 | 100.0
            +---------+---------+-------+---------+---------+-------
